 Dungeon Crawl Stone Soup version 0.31-a0-358-gac0dbeb3ab (webtiles) character file.

Game seed: 2160639875105005093

1038 HallandMoats the Agnostic (level 8, -4/65 HPs)
             Began as a Demonspawn Fighter on July 26, 2023.
             Killed by divine providence
             ... invoked by an orc priest
              (14 damage)
             ... on level 5 of the Dungeon.
             The game lasted 00:07:29 (4526 turns).

HallandMoats the Agnostic (Demonspawn Fighter)      Turns: 4526, Time: 00:07:29

Health: -4/65      AC: 10    Str: 20    XL:     8   Next: 4%
Magic:  13/14      EV: 15    Int: 13    God:
Gold:   184        SH:  5    Dex: 16    Spells: 7/7 levels left

rFire   . . .        a - +8 mace of the Sharing Spider {vamp, Int+4}
rCold   + . .        c - +0 buckler
rNeg    . . .        o - +2 ring mail {rC+}
rPois   +            n - +0 helmet
rElec   .            (no cloak)
rCorr   .            s - +0 pair of gloves
SInv    .            m - +0 pair of boots
Will    .....        (no amulet)
Stlth   +++          w - ring of poison resistance
HPRegen 0.30/turn    z - +5 ring of evasion
MPRegen 0.14/turn

%: no passive effects
@: no status effects
A: thin skeletal structure 2, spiny 1, weakness stinger 2
a: no special abilities


You were on level 5 of the Dungeon.
You visited 1 branch of the dungeon, and saw 5 of its levels.

You collected 184 gold pieces.

Inventory:

Hand Weapons
 a - the +8 mace of the Sharing Spider (weapon) {vamp, Int+4}
   (You found it on level 3 of the Dungeon)

   Int:       It affects your intelligence (+4).
Armour
 c - a +0 buckler (worn)
 m - a +0 pair of boots (worn)
 n - a +0 helmet (worn)
 o - a +2 ring mail of cold resistance (worn)
 s - a +0 pair of gloves (worn)
Jewellery
 w - a ring of poison resistance (left hand)
 z - a +5 ring of evasion (right hand)
Wands
 p - a wand of mindburst (6)
 y - a wand of flame (9)
Scrolls
 b - a scroll of vulnerability {unknown}
 e - 2 scrolls of torment {unknown}
 f - a scroll of enchant armour {unknown}
 g - 2 scrolls of amnesia {unknown}
 h - a scroll of enchant weapon {unknown}
 i - 2 scrolls of teleportation {unknown}
 j - 5 scrolls of poison {unknown}
 k - a scroll of noise {unknown}
 l - a scroll of revelation {unknown}
 r - a scroll of immolation {unknown}
 t - 5 scrolls of identify {unknown}
Potions
 d - a potion of might
 q - 2 potions of berserk rage {unknown}
 u - a potion of cancellation {unknown}
 v - a potion of heal wounds {unknown}
 x - 2 potions of magic {unknown}
 A - a potion of degeneration {unknown}


   Skills:
 * Level 6.9 Fighting
 - Level 1.7 Long Blades
 + Level 2.3 Maces & Flails
 - Level 2.6 Armour
 - Level 2.6 Shields
 * Level 8.0 Invocations


You had 7 spell levels left.
You didn't know any spells.
Your spell library contained the following spells:

 Spells                   Type           Power      Damage    Failure   Level
 Necrotise                Necr           0%         1d4       54%         1
 Sting                    Tmut/Pois      0%         1d3       54%         1
 Lesser Beckoning         Tloc           0%         N/A       69%         2
 Poisonous Vapours        Pois/Air       0%         N/A       69%         2
 Frozen Ramparts          Ice            0%         1d1       89%         3
 Gell's Gravitas          Tloc           0%         N/A       89%         3
 Teleport Other           Tloc           0%         N/A       89%         3
 Vampiric Draining        Necr           0%         2d6       89%         3
 Olgreb's Toxic Radiance  Pois           0%         N/A       100%        4
 Petrify                  Tmut/Erth      0%         N/A       100%        4
 Agony                    Necr           0%         N/A       100%        5
 Metabolic Englaciation   Hex/Ice        0%         N/A       100%        5


Dungeon Overview and Level Annotations

Branches:
Dungeon (5/15)
 Temple: D:4-7

Altars:
Vehumet
Yredelemnul

Shops:
D:5 *

Annotations:
D:5 3 runed translucent doors, Shard1697's ghost, weakling DrDe


Innate Abilities, Weirdness & Mutations

You have a moderately thin skeletal structure. (Dex +4, Stealth++)
You are partially covered in sharp spines.
You have a tail ending in a sharp stinger.


Message History

The orc priest calls down the wrath of Beogh upon you.
Beogh smites you!
The orc wizard shouts!
You closely miss the gnoll.
You tail-slap the gnoll, but do no damage.
The gnoll is moderately wounded.
The gnoll is struck by your spines. The gnoll misses you.
You sock the gnoll!
You feel better.
You kill the gnoll!
An orc priest comes into view. It is wielding a +0 hand axe.
The orc priest mumbles some strange prayers to Beogh against you.
Beogh smites you!
You hit the orc wizard.
You feel better.
The orc wizard is lightly wounded.
The orc wizard barely misses you. You block the gnoll's attack.
The orc priest invokes the aid of Beogh against you.
Beogh smites you!
The orc wizard is struck by your spines.
The orc wizard hits you but does no damage.
You hit the orc wizard.
You feel better.
The orc wizard is heavily wounded.
The gnoll misses you. You block the orc wizard's attack.
You sock the orc wizard!
You feel better.
You kill the orc wizard!
The gnoll completely misses you.
You sock the orc priest!
The orc priest is heavily wounded.
The gnoll completely misses you.
The orc priest calls down the wrath of Beogh upon you.
Beogh smites you!
You barely miss the orc priest.
The orc priest is heavily wounded.
The gnoll closely misses you.
The orc priest calls down the wrath of Beogh upon you.
Beogh smites you!
* * * LOW HITPOINT WARNING * * *
The gnoll barely misses you.
The orc priest mumbles some strange prayers to Beogh against you.
Beogh smites you!
You die...

..{.....######
..o.......g.#
.....ol####.#
....... ..
....... ...
....... ....
....... .....
###########g.....
#.......)@oo.....
#.##############.
#.# #.# ##### #.#
..... #.# .####
#.# #...[....
#.... #.#
#.≈≈≈≈≈≈≈.#####
#.# #≈..≈≈≈..≈#


You could see 2 orc priests and a gnoll.

Vanquished Creatures
  Menkaure (D:5)
  An ogre (D:5)
  A phantom (D:4)
  A bullfrog (D:4)
  2 scorpions (D:5)
  A water moccasin zombie (D:3)
  A hound (D:3)
  A gnoll bouda (D:5)
  2 orc priests
  2 iguanas
  3 orc wizards
  A hound zombie (D:3)
  Robin (D:2)
  5 gnolls
  11 adders
  A white imp (D:5)
  An adder zombie (D:3)
  3 worms
  A dart slug (D:4)
  9 orcs
  6 ball pythons
  5 bats
  4 endoplasms
  2 giant cockroaches (D:4)
  12 goblins
  7 hobgoblins
  6 quokkas
  10 frilled lizards
  A jackal zombie (D:3)
  5 kobolds
  7 rats
114 creatures vanquished.

Notes
Turn   | Place    | Note
-------+----------+-------------------------------------------
     0 | D:1      | HallandMoats the Demonspawn Fighter began the quest for the
                  | Orb.
     0 | D:1      | Reached XP level 1. HP: 18/18 MP: 1/1
   197 | D:1      | Reached skill level 1 in Invocations
   332 | D:1      | Gained mutation: You have a small tail. [demonic ancestry]
   332 | D:1      | Reached XP level 2. HP: 23/24 MP: 3/3
   680 | D:1      | Reached skill level 2 in Invocations
   765 | D:2      | Reached XP level 3. HP: 20/30 MP: 4/4
  1018 | D:2      | Noticed Robin
  1032 | D:2      | Killed Robin
  1033 | D:2      | Reached skill level 3 in Invocations
  1338 | D:2      | Gained mutation: You have a tail ending in a sharp stinger.
                  | [demonic ancestry]
  1338 | D:2      | Reached XP level 4. HP: 37/37 MP: 6/6
  1679 | D:2      | Reached skill level 4 in Invocations
  1974 | D:3      | Identified the +8 mace of the Sharing Spider {vamp, Int+4}
  2143 | D:3      | Gained mutation: You are partially covered in sharp spines.
                  | [demonic ancestry]
  2143 | D:3      | Reached XP level 5. HP: 43/43 MP: 8/8
  2727 | D:3      | Reached skill level 5 in Fighting
  2727 | D:3      | Reached skill level 5 in Invocations
  2783 | D:3      | Gained mutation: You have a somewhat thin skeletal
                  | structure. (Dex +2, Stealth+) [demonic ancestry]
  2783 | D:3      | Reached XP level 6. HP: 51/51 MP: 10/10
  2786 | D:3      | Found a basalt altar of Yredelemnul.
  2943 | D:4      | Reached skill level 6 in Invocations
  3413 | D:4      | Reached skill level 1 in Maces & Flails
  3420 | D:4      | Gained mutation: You have a moderately thin skeletal
                  | structure. (Dex +4, Stealth++) [demonic ancestry]
  3420 | D:4      | Reached XP level 7. HP: 30/57 MP: 11/11
  3748 | D:5      | Entered Level 5 of the Dungeon
  3755 | D:5      | Reached skill level 7 in Invocations
  4025 | D:5      | Found Mobrall's General Store.
  4059 | D:5      | Noticed Menkaure
  4063 | D:5      | Killed Menkaure
  4297 | D:5      | Found a runed translucent gate.
  4297 | D:5      | Found a runed translucent gate.
  4297 | D:5      | Found a runed translucent gate.
  4298 | D:5      | Noticed Shard1697's ghost (weakling DrDe)
  4396 | D:5      | Found a radiant altar of Vehumet.
  4518 | D:5      | Reached skill level 8 in Invocations
  4518 | D:5      | Reached XP level 8. HP: 62/65 MP: 12/14
  4526 | D:5      | Killed from afar by an orc priest

Illustrated notes

Levels and vault maps discovered:
D:1:      dpeg_arrival_simpleton_c, layout_loops_cross, minmay_lizard_king
D:2:      minmay_skewed_foursquare, layout_loops_ring,
          kennysheep_generic_room_15, uniq_robin
D:3:      layout_loops_corners, nicolae_yredelemnul_corpse_copse,
          portal_sewer_entry_d, glass_columns_b
D:4:      layout_loops_corners
D:5:      layout_basic, mainiacjoe_overflow_paths, gammafunk_ghost_necromancy,
          serial_shops, shop, hangedman_decor_peaks_small, uniq_menkaure

Skill      XL: |  1  2  3  4  5  6  7 |
---------------+----------------------+-----
Invocations    | 1 2 3 4 5 6 8 |  8.0
Fighting       | 4 5 6 |  6.9
Maces & Flails | 1 2 |  2.3
Long Blades    | |  1.7
Armour         | |  2.6
Shields        | |  2.6

Action                     |  1- 3 |  4- 6 |  7- 9 || total
---------------------------+-------+-------+-------++-------
  Melee: Long sword        |   109 |    61 |       ||   170
         Tailslap          |     3 |    15 |     2 ||    20
         Mace              |       |    89 |    47 ||   136
    Use: Potion            |     4 |     1 |       ||     5
   Stab: Sleeping          |       |     3 |     2 ||     5
 Armour: Scale mail        |    41 |       |       ||    41
         Skin              |     1 |       |       ||     1
         Ring mail         |     4 |   102 |    11 ||   117
  Dodge: Dodged            |    54 |    86 |    23 ||   163
  Block: Buckler           |    24 |    52 |    14 ||    90

Table legend: (Time is in decaauts)
 A = Elapsed time spent in this place.
 B = Non-inter-level travel time spent in this place.
 C = Inter-level travel time spent in this place.
 D = Time resting spent in this place.
 E = Time spent auto-exploring this place.
 F = Levels seen in this place.
 G = Mean time per level.
                   A        B        C        D        E       F      G
               +--------+--------+--------+--------+--------+-----+--------+
         Total |   4642 |   4528 |    114 |    267 |   3029 |   5 |  928.4 |
       Dungeon |   4642 |   4528 |    114 |    267 |   3029 |   5 |  928.4 |
               +--------+--------+--------+--------+--------+-----+--------+

Top non-repeatable levels by time:
     D:2: 1145 daAuts
     D:3: 1067 daAuts
     D:4: 900 daAuts
     D:5: 776 daAuts
     D:1: 751 daAuts
